AoeStats
← Roushwant4227

Golden Pit

503308858Analyzed
1v1 RM · 1mo ago on Aug 31, 2026· 18m 45s· 2 players
Game mode
Random Map
Map size
Tiny (2 player)
Population
200
Speed
Normal
Resources
Standard
Victory
Conquest
Starting age
Dark Age
Ending age
Imperial Age
RankedLock teamsTeams togetherTeam positionsShared explorationLock speedFull tech treeHidden civsTurbo modeCheats
Victory
Defeat
🇺🇸 Malay · United States
881
+16
🇪🇸 Vietnamese · Spain
890
-16
pooter_07
1:54 Loom
11:43 Feudal Age
11:02 Man-at-Arms
12:04 Arson
14:12 Double-Bit Axe
16:07 Horse Collar
18:39 Gold Mining
19:05 Fletching
19:15 Padded Archer Armor
19:05 Fletching
Roushwant4227
7:23 Loom
9:45 Feudal Age
10:12 Double-Bit Axe
16:19 Forging
16:01 Fletching
Connection lost

Rejoining the realm…

Still unreachable

The connection could not be restored.

Session expired

The server has moved on; the page needs a fresh start.